 Dungeon Crawl Stone Soup version 0.19-a0-1821-g42c593c (webtiles) character file.

260 JeffiDaFish the Sneak (level 5, -1/37 HPs)
             Began as a Vampire Enchanter on Oct 7, 2016.
             Slain by a centaur (10 damage)
             ... on level 3 of the Dungeon.
             The game lasted 00:18:35 (5367 turns).

JeffiDaFish the Sneak (Vampire Enchanter)           Turns: 5367, Time: 00:18:35

Health: -1/37      AC:  3    Str:  6 (8)  XL:     5   Next: 95%
Magic:  8/8        EV: 13    Int: 16 (17) God:
Gold:   140        SH:  0    Dex: 13 (15) Spells: 3 memorised, 3 levels left

rFire  . . .     SeeInvis +     f - +1 dagger (venom)
rCold  . . .     Gourm    .     b - +1 robe
rNeg   + . .     Faith    +     (no shield)
rPois  .         Spirit   .     (no helmet)
rElec  .         Dismiss  .     (no cloak)
rCorr  .         Reflect  .     (no gloves)
MR     +....     Harm     .     (no boots)
Stlth  +++....... Rnd*Rage +    i - amulet of faith
                                (no ring)
                                e - ring of protection from magic

@: no status effects
A: fangs 3, see invisible, berserk 1, low mp 1, wild magic 1, unbreathing
a: Bat Form


You were on level 3 of the Dungeon.
You were not thirsty.

You visited 1 branch of the dungeon, and saw 3 of its levels.

You collected 140 gold pieces.

Inventory:

Hand Weapons
 a - a +1 dagger
 f - a +1 dagger of venom (weapon)
Armour
 b - a +1 robe (worn)
Jewellery
 e - a ring of protection from magic (left hand)
 i - an amulet of faith (around neck)
Wands
 j - a wand of iceblast (5/15)
 k - a wand of slowing (26/48)
Scrolls
 g - 2 scrolls of remove curse
 h - a scroll of teleportation {unknown}
Potions
 d - 21 potions of blood
 l - a potion of heal wounds {unknown}
Books
 c - a book of Maledictions

   Spells                             Type                      Level
   a - Corona                         Hexes                        1
   b - Ensorcelled Hibernation        Hexes/Ice                    2
   c - Confuse                        Hexes                        3
   d - Tukima's Dance                 Hexes                        3
   e - Dazzling Spray                 Conjuration/Hexes            3


   Skills:
 + Level 1.4 Fighting
 + Level 2.3 Short Blades
 + Level 3.4 Dodging
 + Level 6.4 Stealth
 + Level 2.7 Spellcasting
 + Level 5.4 Hexes
 + Level 1.4 Ice Magic


You had 3 spell levels left.
You knew the following spells:

 Your Spells              Type           Power        Failure   Level  Hunger
a - Corona                Hex            ####...      3%          1    #......
b - Ensorcelled Hibernat  Hex/Ice        ###...       14%         2    ##.....
c - Confuse               Hex            ####....     12%         3    ###....


Dungeon Overview and Level Annotations

Branches:
Dungeon (3/15)

Altars:
Hepliaklqana
Sif Muna
Yredelemnul


Innate Abilities, Weirdness & Mutations

You have razor-sharp teeth.
You have supernaturally acute eyesight. (SInv)
You can survive without breathing.
You tend to lose your temper in combat.
Your magical capacity is low. (-10% MP)
Your spells are a little harder to cast, but a little more powerful.


Message History

You bite the centaur.
The centaur is lightly wounded.
The centaur barely misses you.
You hit the centaur.
The centaur looks as sick as possible!
The centaur is moderately wounded.
The bat hits you. The bat misses you. The centaur hits you.
You hit the centaur but do no damage.
The centaur is moderately wounded.
The bat closely misses you. The centaur hits you! The centaur hits you.
You barely miss the centaur.
The centaur is heavily wounded.
The centaur closely misses you.
You hit the centaur but do no damage.
The centaur looks as sick as possible!
The centaur is heavily wounded.
The bat barely misses you. The centaur hits you.
* * * LOW HITPOINT WARNING * * *
You completely miss the centaur. You bite the centaur, but do no damage.
The centaur is severely wounded.
The centaur hits you!
You die...

###..........#### #.#
................# #.#
........).#####.###.#
.##.......#..##.....#
#####.#.#.....#####
#.#.#.###.....#
#.#............
#########.###.#######..
#...[c@.b...#...####...
#.#######.#.###.#......
#.#...#.#....##
#.###.#.####### #.#
.#........ #.#
######### #.. ###


You could see a centaur and a bat.

Vanquished Creatures
  Terence (D:2)
  Natasha (thrice) (D:2 D:3)
  Robin (D:2)
  4 adders (D:2)
  An ooze (D:2)
  4 worms
  3 giant cockroaches
  24 goblins
  8 hobgoblins
  11 jackals
  9 kobolds
  A quokka (D:2)
  8 bats
  12 frilled lizards
  8 rats
98 creatures vanquished.

Notes
Turn   | Place    | Note
-------+----------+-------------------------------------------
     0 | D:1      | JeffiDaFish the Vampire Enchanter began the quest for the Orb.
     0 | D:1      | Reached XP level 1. HP: 13/13 MP: 3/3
   349 | D:1      | Reached XP level 2. HP: 14/19 MP: 5/5
   661 | D:1      | Learned a level 2 spell: Ensorcelled Hibernation
   879 | D:1      | Reached skill level 5 in Stealth
  1528 | D:2      | Noticed Natasha
  1543 | D:2      | Reached XP level 3. HP: 20/24 MP: 6/6
  1554 | D:2      | Reached skill level 5 in Hexes
  1699 | D:2      | HP: 1/24 [Natasha (5)]
  1702 | D:2      | Killed Natasha
  2260 | D:2      | Learned a level 3 spell: Confuse
  2266 | D:2      | Noticed Robin
  2288 | D:2      | Reached XP level 4. HP: 23/31 MP: 7/7
  2339 | D:2      | Killed Robin
  2697 | D:2      | Reached skill level 1 in Fighting
  2926 | D:2      | Reached skill level 6 in Stealth
  3273 | D:2      | Reached XP level 5. HP: 19/37 MP: 1/8
  4231 | D:2      | Noticed Terence
  4309 | D:2      | Killed Terence
  4309 | D:2      | Reached skill level 1 in Ice Magic
  4507 | D:2      | Found a basalt altar of Yredelemnul.
  4543 | D:2      | Found a deep blue altar of Sif Muna.
  4714 | D:3      | Gained mutation: Your magical capacity is low. (-10% MP) [potion of mutation]
  4714 | D:3      | Gained mutation: You tend to lose your temper in combat. [potion of mutation]
  4714 | D:3      | Gained mutation: Your spells are a little harder to cast, but a little more powerful. [potion of mutation]
  4850 | D:3      | Found a hazy altar of Hepliaklqana.
  5007 | D:3      | Noticed Natasha
  5020 | D:3      | Killed Natasha
  5269 | D:3      | Noticed Natasha
  5269 | D:3      | Killed Natasha
  5354 | D:3      | Noticed a centaur
  5367 | D:3      | Slain by a centaur

Vault maps used:
D:1:      scummos_arrival_forest, minmay_misc_feat_doors
D:2:      marbit_many_paths, nicolae_overflow_crystal_walls, first_bread,
          minmay_fountain_box, serial_bayou_pond_d, uniq_terence, uniq_natasha,
          uniq_robin
D:3:      old_standard_altar

Skill      XL: |  1  2  3  4  5 |
---------------+----------------+-----
Stealth        | 5 6 |  6.4
Hexes          | 5 |  5.4
Fighting       | 1 |  1.4
Dodging        | 3 |  3.4
Short Blades   | 2 |  2.3
Ice Magic      | 1 |  1.4
Spellcasting   | |  2.7

Action                   |  1- 3 |  4- 6 || total
-------------------------+-------+-------++-------
Melee: Dagger            |   133 |   206 ||   339
       Bite              |    15 |    16 ||    31
 Cast: Ensorcelled Hiber |     4 |    10 ||    14
       Confuse           |       |     7 ||     7
  Use: Scroll            |     3 |     4 ||     7
       Potion            |     4 |    17 ||    21
 Stab: Sleeping          |    11 |     9 ||    20
       Confused          |       |     2 ||     2
       Distracted        |       |     1 ||     1
Armor: Robe              |    29 |    21 ||    50
Dodge: Dodged            |    88 |   139 ||   227
